 Dungeon Crawl Stone Soup version 0.26-a0-540-g8a0c9464d7 (webtiles) character file.

Game seed: 11545502278419621913

2354 onhwahan the Chopper (level 9, -1/59 HPs)
             Began as an Octopode Warper on Aug 18, 2020.
             Was a Believer of Cheibriados.
             Slain by Joseph
             ... wielding a +0 quarterstaff
              (12 damage)
             ... on level 7 of the Dungeon.
             The game lasted 00:22:44 (9080 turns).

onhwahan the Chopper (Octopode Warper)              Turns: 9080, Time: 00:22:45

Health: -1/59      AC:  1    Str: 19    XL:     9   Next: 44%
Magic:  12/12      EV: 16    Int: 22    God:    Cheibriados [**....]
Gold:   526        SH:  0    Dex: 17    Spells: 3/12 levels left

rFire    . . .     SeeInvis .   b - +5 war axe (vamp)
rCold    . . .     Faith    .   (no shield)
rNeg     . . .     Spirit   .   (helmet restricted)
rPois    .         Reflect  .   (no amulet)
rElec    .         Harm     .   d - ring of stealth
rCorr    .                      (no ring)
MR       .....                  (no ring)
Stlth    +++++.....             (no ring)
HPRegen  0.19/turn              (no ring)
MPRegen  0.13/turn              (no ring)
                                (no ring)
                                (no ring)

@: lightly drained, very slow
A: almost no armour, stealthy swim, amphibious, 8 rings, constrict 8, camouflage
1, gelatinous body 1
a: Bend Time, Renounce Religion


You were on level 7 of the Dungeon.
You worshipped Cheibriados.
Cheibriados was pleased with you.
You visited 2 branches of the dungeon, and saw 8 of its levels.

You collected 526 gold pieces.

Inventory:

Hand Weapons
 b - a +5 vampiric war axe (weapon)
 i - a +3 dagger
 p - a +0 spear
 B - a cursed -3 spear
Missiles
 j - 18 poisoned darts (quivered)
 v - 2 throwing nets
 y - 7 atropa-tipped darts
 z - 2 boomerangs
Jewellery
 d - a ring of stealth (left tentacle)
Wands
 a - a wand of acid (4)
 q - a wand of paralysis (7)
Scrolls
 c - a scroll of blinking
 h - 4 scrolls of teleportation
 k - 2 scrolls of fear {unknown}
 n - 2 scrolls of magic mapping {unknown}
 o - 2 scrolls of amnesia
 r - a scroll of immolation {unknown}
 t - 4 scrolls of remove curse {unknown}
 u - a scroll of noise {unknown}
 x - a scroll of random uselessness {unknown}
Potions
 f - 2 potions of curing
 g - 3 potions of lignification
 l - a potion of brilliance
 m - a potion of magic
 s - a potion of haste
 w - a potion of mutation {unknown}
 A - a potion of flight {unknown}


   Skills:
 + Level 4.3 Fighting
 - Level 2.2 Short Blades
 * Level 6.7(7.0) Axes
 + Level 2.9(5.2) Polearms
 + Level 5.4(5.3) Throwing
 * Level 5.3(5.2) Dodging
 + Level 4.9 Stealth
 - Level 2.0 Spellcasting
 + Level 3.2 Translocations
 - Level 3.0(2.9) Invocations


You had 3 spell levels left.
You knew the following spells:

 Your Spells              Type           Power        Failure   Level
a - Blink                 Tloc           N/A          5%          2
b - Passage of Golubria   Tloc           N/A          36%         4
c - Conjure Flame         Conj/Fire      #.......     38%         3

Your spell library contained the following spells:

 Spells                   Type           Power        Failure   Level
 Gell's Gravitas          Tloc           ###.......   11%         3
 Lesser Beckoning         Tloc           ###.......   11%         3
 Teleport Other           Tloc           ###.....     11%         3
 Foxfire                  Conj/Fire      #...         14%         1
 Inner Flame              Hex/Fire       #.......     38%         3
 Sticky Flame             Conj/Fire      #.......     80%         4
 Fireball                 Conj/Fire      #.........   98%         5


Dungeon Overview and Level Annotations

Branches:
Dungeon (7/15)             Temple (1/1) D:4

Altars:
Ashenzari
Cheibriados
Dithmenos
Elyvilon
Fedhas
Hepliaklqana
Kikubaaqudgha
Nemelex Xobeh
Okawaru
Qazlal
Ru
Sif Muna
Trog
Uskayaw
Vehumet
Wu Jian
Xom
Yredelemnul
Zin
The Shining One

Annotations:
D:4 exclusion: downstairs
D:6 exclusion: downstairs
D:7 Joseph


Innate Abilities, Weirdness & Mutations

You cannot wear most types of armour.
You are very stealthy in the water. (Stealth+)
You are amphibious.
You can wear up to eight rings at the same time.
You can use your tentacles to constrict eight enemies at once.
Your skin changes colour to match your surroundings (Stealth+).
Your rubbery body absorbs attacks. (AC +1, EV +1)


Message History

Joseph hits you with a +0 quarterstaff!!
You hit Joseph.
You feel better.
Joseph is moderately wounded.
You constrict Joseph.
Joseph drinks a potion.
Joseph seems to grow stronger.
You hit Joseph.
You feel better.
Joseph is heavily wounded.
You constrict Joseph. Joseph hits you with a +0 quarterstaff!
You are too injured to fight recklessly!
You are too injured to fight recklessly!
You slash Joseph!
Joseph is severely wounded.
You constrict Joseph.
Joseph hits you with a +0 quarterstaff!!
* * * LOW HITPOINT WARNING * * *
You feel better.
You constrict Joseph. Joseph hits you with a +0 quarterstaff!
* * * LOW HITPOINT WARNING * * *
You barely miss Joseph. You squeeze Joseph, but do no damage.
Joseph is severely wounded.
You constrict Joseph. Joseph hits you with a +0 quarterstaff!
You die...

###############
#.............. .......
#.............. .......
#....<.(.o(...o .......
#.........{.o.. .....
#....>...[...(o ....
#...####'###### ..#
######...##.#####@#####
#...........@.....#
+............)....#
#......)..........#
###.##.(.##...####
###########..(##...###
#.............(....'..
#..................#..
#.............)....#..
#.............)....#


You could see Joseph (strong).

Vanquished Creatures
  Duvessa (D:4)
  An ice beast (D:6)
  3 orc warriors
  A sky beast (D:6)
  A black bear (D:6)
  A necrophage (D:6)
  3 phantoms
  An ogre (D:7)
  A centaur (D:6)
  A big kobold (D:5)
  A bullfrog (D:6)
  Dowan (D:4)
  4 wights (D:7)
  2 howler monkeys
  2 orc priests
  3 hounds
  3 worker ants
  An iguana (D:4)
  3 orc wizards
  10 adders
  16 gnolls
  A shadow imp (D:6)
  2 white imps (D:6)
  An ufetubus (D:5)
  An ooze (D:2)
  3 dart slugs
  5 worms
  6 leopard geckos
  25 orcs
  9 giant cockroaches
  13 goblins
  8 hobgoblins
  14 kobolds
  5 quokkas
  7 bats
  3 frilled lizards
  5 rats
  A fungus (D:2)
169 creatures vanquished.

Vanquished Creatures (others)
  4 toadstools (D:2)
4 creatures vanquished.

Grand Total: 173 creatures vanquished

Notes
Turn   | Place    | Note
-------+----------+-------------------------------------------
     0 | D:1      | onhwahan the Octopode Warper began the quest for the Orb.
     0 | D:1      | Reached XP level 1. HP: 14/14 MP: 3/3
   203 | D:1      | Reached XP level 2. HP: 15/19 MP: 5/5
   691 | D:1      | Learned a level 2 spell: Blink
  1037 | D:2      | Reached XP level 3. HP: 22/25 MP: 6/6
  1580 | D:2      | Reached skill level 1 in Stealth
  1741 | D:2      | Found an iron altar of Okawaru.
  1870 | D:2      | Reached XP level 4. HP: 27/30 MP: 7/7
  2020 | D:3      | Found a glowing silver altar of Zin.
  2020 | D:3      | Found a shimmering altar of Xom.
  2020 | D:3      | Noticed an angel
  2576 | D:3      | Reached XP level 5. HP: 35/35 MP: 8/8
  2709 | D:3      | Reached skill level 1 in Short Blades
  3423 | D:3      | Noticed an orc warrior
  3438 | D:3      | Killed an orc warrior
  3438 | D:3      | Reached XP level 6. HP: 41/41 MP: 9/9
  4169 | D:3      | Found a hazy altar of Hepliaklqana.
  4418 | D:4      | Found a staircase to the Ecumenical Temple.
  4465 | Temple   | Entered the Ecumenical Temple
  4682 | Temple   | Became a worshipper of Cheibriados the Contemplative
  4758 | D:4      | Noticed Duvessa
  4763 | D:4      | Noticed Dowan
  4864 | D:4      | Learned a level 4 spell: Passage of Golubria
  4978 | D:4      | Found a bloodstained altar of Trog.
  4978 | D:4      | Found a basalt altar of Yredelemnul.
  5617 | D:4      | Reached XP level 7. HP: 46/46 MP: 10/10
  5937 | D:5      | Entered Level 5 of the Dungeon
  5968 | D:4      | Killed Duvessa
  5968 | D:4      | Reached skill level 1 in Axes
  5968 | D:4      | Reached skill level 1 in Invocations
  5982 | D:4      | Killed Dowan
  6129 | D:4      | Reached * piety under Cheibriados
  6305 | D:5      | Learned a level 3 spell: Conjure Flame
  6341 | D:5      | Reached skill level 2 in Axes
  6442 | D:5      | Reached XP level 8. HP: 47/52 MP: 11/11
  6867 | D:5      | Found an ancient bone altar of Kikubaaqudgha.
  6868 | D:5      | Found a shattered altar of Ashenzari.
  6949 | D:6      | Reached skill level 3 in Axes
  7060 | D:5      | Reached ** piety under Cheibriados
  7604 | D:6      | Reached skill level 4 in Axes
  8001 | D:6      | Reached skill level 5 in Axes
  8001 | D:6      | Reached XP level 9. HP: 28/58 MP: 8/12
  8001 | D:6      | Reached skill level 5 in Throwing
  8001 | D:6      | Reached skill level 5 in Dodging
  8452 | D:6      | Found a sparkling altar of Nemelex Xobeh.
  8621 | D:7      | Reached skill level 6 in Axes
  9010 | D:7      | Noticed Joseph
  9080 | D:7      | Slain by Joseph

Illustrated notes

Levels and vault maps discovered:
D:1:      dpeg_arrival_boxes_within_box, layout_basic,
          kennysheep_decorative_pillar
D:2:      layout_basic, corexii_shack, minmay_gold_behind_fungi, okawaru_trees_1
D:3:      kennysheep_six_static_rooms, layout_basic,
          grunt_temple_overflow_order_and_chaos_1, lemuel_doored_altar
D:4:      layout_layer_cave, chequers_temple_overflow_statue_of_worship,
          minmay_temple_entry_nine_rooms, uniq_duvessa
D:5:      layout_cave_pools, gammafunk_temple_overflow_statue,
          eino_small_chamber_without_monster
D:6:      layout_rooms, nemelex_diamond_rough_becter
D:7:      layout_gridville, kennysheep_mini, minmay_crystal_water, uniq_joseph,
          uniq_menkaure
Temple:   oiseaux_autumnal_temple

Skill      XL: |  1  2  3  4  5  6  7  8  9 |
---------------+----------------------------+-----
Stealth        | 2 3 4 |  4.9
Dodging        | 3 4 5 |  5.3
Short Blades   | 2 |  2.2
Throwing       | 2 3 4 5 |  5.4
Fighting       | 3 4 |  4.3
Axes           | 2 5 6 |  6.7
Invocations    | 2 3 |  3.0
Polearms       | |  2.9
Spellcasting   | |  2.0
Translocations | |  3.2

Action                   |  1- 3 |  4- 6 |  7- 9 || total
-------------------------+-------+-------+-------++-------
Melee: Spear             |    83 |       |       ||    83
       Constrict         |    23 |    30 |    33 ||    86
       Tentacles         |    15 |    21 |    43 ||    79
       Dagger            |    25 |   108 |       ||   133
       War axe           |       |     2 |   165 ||   167
Throw: Boomerang         |     2 |     1 |     2 ||     5
       Dart              |       |    93 |    91 ||   184
Invok: Bend Time         |       |       |     1 ||     1
  Use: Scroll            |       |     5 |     6 ||    11
       Potion            |       |       |     2 ||     2
 Stab: Sleeping          |     7 |     5 |     1 ||    13
Armor: Skin              |     7 |     8 |     7 ||    22
Dodge: Dodged            |    46 |    48 |   160 ||   254

Table legend: (Time is in decaauts)
 A = Elapsed time spent in this place.
 B = Non-inter-level travel time spent in this place.
 C = Inter-level travel time spent in this place.
 D = Time resting spent in this place.
 E = Time spent auto-exploring this place.
 F = Levels seen in this place.
 G = Mean time per level.
                   A        B        C        D        E       F      G
               +--------+--------+--------+--------+--------+-----+--------+
         Total |   9883 |   9345 |    538 |   3271 |   4057 |   8 | 1235.4 |
       Dungeon |   9627 |   9167 |    460 |   3271 |   3881 |   7 | 1375.3 |
        Temple |    255 |    177 |     78 |      0 |    176 |   1 |  255.0 |
               +--------+--------+--------+--------+--------+-----+--------+

Top non-repeatable levels by time:
     D:3: 2304 daAuts
     D:4: 1888 daAuts
     D:5: 1718 daAuts
     D:6: 1365 daAuts
     D:2: 1015 daAuts
     D:1: 1000 daAuts
     D:7: 335 daAuts
  Temple: 255 daAuts
